Unix NetHack Version 3.7.0-86 Work-in-progress - last build May 30 2023 11:53:40 (cc98dc9aa62a9957b082a042edf5bd7ec9f632c7,branch:master). Game began 2023-06-07 13:18:50, ended 2023-06-13 16:50:42. Grasshopper, neutral female human Wizard ------------------ ...................).. ...............----.---- ..............--....?).-- ..........[/.--..."...[.- ----- ......[..%/.)| .[...[5...| ...| ----...------- .[5)[..5.-- ---------.)-- ----[---- -.......-- |.......|...-- --..)....-- -----|----- |.......|....---..[.)%...-----.........--- |..._%.)%*....-...........||.............| |.......|)0[.---.........--|. ----+---- .| |.......|...-- --.).....-- | |D.Aww..| | ---------..-- --------- |.wwww..| ..[..| |.ww@ww.| ------- |.)ww@w.| |.ww..w.| --------- Grasshopper the Mage St:18/** Dx:23 Co:18 In:18 Wi:18 Ch:19 Neutral S:1476078 Astral Plane $:1174 HP:488(488) Pw:397(489) AC:-52 Xp:30/109959897 T:60320 Latest messages: What do you want to use or apply? [ch-joqs-vx-zACJ-LPUWXZ or ?*] q You produce a strange whistling sound. Many creatures shift locations. The purple worm drops a long sword. The purple worm bites the red dragon. The red dragon bites the purple worm. The red dragon hits the purple worm. The red dragon hits the purple worm. The purple worm drops a long sword. The purple worm bites the red dragon. The purple worm bites the red dragon. The purple worm drops a pair of elven boots. You hear a door unlock and open. Pick an object. What do you want to use or apply? [ch-joqs-vx-zACJ-LPUWXZ or ?*] q You produce a strange whistling sound. Many creatures shift locations. Pick an object. What do you want to use or apply? [ch-joqs-vx-zACJ-LPUWXZ or ?*] q You produce a strange whistling sound. Many creatures shift locations. The purple worm bites the vampire lord. The purple worm swallows the vampire lord. "Burrrrp!" The vampire lord is destroyed! The purple worm picks up a long sword. The purple worm drops a shield of reflection. The purple worm drops a long sword. The purple worm drops a shield of reflection. Pick an object. What do you want to use or apply? [ch-joqs-vx-zACJ-LPUWXZ or ?*] q You produce a strange whistling sound. Many creatures shift locations. Pick an object. What do you want to use or apply? [ch-joqs-vx-zACJ-LPUWXZ or ?*] q You produce a strange whistling sound. Many creatures shift locations. Pick an object. What do you want to sacrifice? [g or ?*] g You offer the Amulet of Yendor to Thoth... An invisible choir sings, and you are bathed in radiance... The voice of Thoth booms: "Mortal, thou hast done well!" "In return for thy service, I grant thee the gift of Immortality!" You ascend to the status of Demigoddess... Do you want your possessions identified? [ynq] (y) y Do you want to see your attributes? [ynq] (y) y Do you want an account of creatures vanquished? [ynaq] (y) y Do you want a list of species genocided and extinct? [ynaq] (y) y Do you want to see your conduct and achievements? [ynq] (y) y Do you want to see the dungeon overview? [ynq] (y) y Inventory: Coins ('$') $ - 1174 gold pieces Amulets ('"') I - the blessed Eye of the Aethiopica Q - a blessed amulet of life saving (being worn) Weapons (')') a - the blessed rustproof +2 Magicbane (weapon in hand) d - the blessed fireproof +7 Sting f - 11 blessed poisoned rustproof +7 darts (at the ready) k - the blessed rustproof +7 Vorpal Blade (alternate weapon; not wielded) V - 3 blessed +7 silver daggers named +7 Armor ('[') b - a blessed greased fireproof +4 robe (being worn) B - a blessed fireproof +5 pair of water walking boots (being worn) D - a blessed fireproof +5 small shield named nc (being worn) G - a blessed fireproof +5 pair of gauntlets of dexterity (being worn) H - a blessed greased fireproof +7 cornuthaum (being worn) S - a blessed greased +4 silver dragon scale mail (being worn) T - a blessed +5 T-shirt with text "Pudding farmer" (being worn) Comestibles ('%') j - a blessed eucalyptus leaf F - a blessed lizard corpse Scrolls ('?') l - 3 blessed scrolls of taming Wands ('/') h - an uncursed wand of teleportation (1:11) o - an uncursed wand of teleportation (0:1) v - an uncursed wand of light (0:10) x - an uncursed wand of cold named 1 (1:5) y - an uncursed wand of cold (3:4) z - an uncursed wand of sleep (0:4) J - an uncursed wand of slow monster named 13 (0:2) K - an uncursed wand of teleportation (0:1) W - an uncursed wand of speed monster (0:2) X - an uncursed wand of undead turning (0:5) Z - an uncursed wand of teleportation (0:1) Rings ('=') e - an uncursed +4 ring of increase damage (on left hand) E - a blessed +5 ring of increase damage (on right hand) Potions ('!') M - an uncursed potion of full healing Tools ('(') c - an uncursed skeleton key i - a blessed greased bag of holding containing 129 items q - a blessed magic whistle s - a blessed stethoscope t - a blessed towel u - a blessed +0 unicorn horn A - an uncursed tooled horn named nc C - the uncursed Candelabrum of Invocation (7 of 7 candles, lit) L - a blessed magic lamp P - the blessed Platinum Yendorian Express Card U - a blessed greased sack named <<< CANCELLATION >>> containing 2 items Gems/Stones ('*') N - a blessed luckstone Contents of the bag of holding: an uncursed amulet of flying an uncursed amulet of guarding an uncursed amulet of magical breathing an uncursed amulet of unchanging 2 blessed fireproof +7 boomerangs named +7 35 blessed poisoned rustproof +7 darts 8 blessed +7 silver daggers named +7 an uncursed +0 helm of opposite alignment an uncursed fireproof +0 pair of elven boots named 0 a blessed +2 pair of jumping boots a blessed +1 pair of speed boots an uncursed greased +0 cloak of magic resistance an uncursed +2 mummy wrapping named +2 2 uncursed pineapples an uncursed banana 2 blessed eucalyptus leaves 2 uncursed fortune cookies 2 uncursed K-rations 2 uncursed lembas wafers an uncursed lump of royal jelly 3 uncursed pancakes an uncursed tripe ration 3 uncursed tripe rations a blessed tin of genetic engineer meat 2 blessed eggs named chook blessed a blessed cockatrice egg 3 uncursed eggs named chook an uncursed cockatrice egg an uncursed lizard corpse 9 blessed scrolls of blank paper an uncursed scroll of blank paper 2 cursed scrolls of blank paper a blessed scroll of charging a blessed scroll of create monster an uncursed scroll of create monster a cursed scroll of create monster an uncursed scroll of genocide 2 blessed scrolls of gold detection a blessed scroll of remove curse 2 blessed scrolls of stinking cloud an uncursed scroll of taming a cursed scroll of teleportation 2 cursed scrolls of teleportation an uncursed wand of cold (0:8) an uncursed wand of cold (0:7) an uncursed wand of cold (0:7) an uncursed wand of cold (0:7) an uncursed wand of create monster (0:15) an uncursed wand of create monster (0:13) an uncursed wand of create monster (0:12) an uncursed wand of death (0:6) an uncursed wand of death (0:5) an uncursed wand of death (0:4) an uncursed wand of digging (0:8) an uncursed wand of digging (0:8) an uncursed wand of digging (0:7) an uncursed wand of digging (0:6) an uncursed wand of digging (0:6) an uncursed wand of enlightenment named 4 (0:8) an uncursed wand of fire (0:2) an uncursed wand of lightning (1:12) an uncursed wand of lightning (0:8) an uncursed wand of lightning (0:6) an uncursed wand of locking (0:5) an uncursed wand of magic missile (0:5) an uncursed wand of opening named 1 (0:5) an uncursed wand of polymorph (0:6) an uncursed wand of probing (1:6) an uncursed wand of probing (0:4) an uncursed wand of secret door detection (0:11) an uncursed wand of sleep (0:5) an uncursed wand of sleep (0:4) an uncursed wand of sleep (0:2) an uncursed wand of speed monster (0:5) an uncursed wand of speed monster (1:5) an uncursed wand of speed monster (0:4) an uncursed wand of speed monster (0:4) an uncursed wand of speed monster (0:4) an uncursed wand of speed monster (0:4) an uncursed wand of speed monster named 2 (0:4) an uncursed wand of striking (0:6) an uncursed wand of striking (0:8) a blessed wand of teleportation named 1 (1:1) an uncursed wand of teleportation (0:8) an uncursed wand of teleportation (0:8) an uncursed wand of teleportation (2:6) an uncursed wand of teleportation (0:5) an uncursed wand of wishing (1:2) an uncursed +6 ring of adornment an uncursed +3 ring of adornment an uncursed ring of conflict an uncursed ring of free action a blessed +2 ring of gain constitution an uncursed ring of hunger an uncursed ring of invisibility a blessed ring of levitation an uncursed ring of polymorph control a blessed +4 ring of protection an uncursed +2 ring of protection an uncursed ring of protection from shape changers an uncursed ring of regeneration a blessed ring of searching an uncursed ring of shock resistance an uncursed ring of slow digestion an uncursed ring of stealth a blessed ring of teleport control a blessed potion of monster detection an uncursed potion of polymorph 3 potions of holy water a potion of unholy water an uncursed sack named LOOT DO NOT REMOVE containing 1 item an uncursed can of grease (0:25) an uncursed magic marker (1:36) an uncursed magic marker (0:0) 7 uncursed wax candles an uncursed agate stone 2 uncursed amethyst stones an uncursed amethyst stone an uncursed aquamarine stone an uncursed black opal an uncursed black opal an uncursed dilithium crystal 2 uncursed emeralds an uncursed fluorite stone 3 uncursed garnet stones 4 uncursed jade stones an uncursed jasper stone 5 uncursed obsidian stones an uncursed luckstone Contents of the sack named LOOT DO NOT REMOVE: an uncursed sack named 6 containing 1 item Contents of the sack named 6: an uncursed sack named 5 containing 1 item Contents of the sack named 5: an uncursed sack named 4 containing 1 item Contents of the sack named 4: an uncursed sack named 3 containing 1 item Contents of the sack named 3: an uncursed sack named 2 containing 1 item Contents of the sack named 2: an uncursed sack named 1 containing 1 item Contents of the sack named 1: a blessed bag of holding containing 22 items Contents of the bag of holding: the uncursed +0 Cleaver 16 uncursed agate stones 33 uncursed amber stones 17 uncursed amethyst stones 20 uncursed aquamarine stones 6 uncursed black opals 10 uncursed chrysoberyl stones 30 uncursed citrine stones 4 uncursed diamonds 6 uncursed dilithium crystals 6 uncursed emeralds 20 uncursed fluorite stones 25 uncursed garnet stones 8 uncursed jacinth stones 11 uncursed jade stones 33 uncursed jasper stones 47 uncursed jet stones 27 uncursed obsidian stones 25 uncursed opals 9 uncursed rubies 3 uncursed sapphires 45 uncursed topaz stones Contents of the sack named <<< CANCELLATION >>>: an uncursed scroll of scare monster an uncursed wand of cancellation (0:3) Grasshopper the Wizard's attributes: Background: You were a Mage, a level 30 female human Wizard. You were neutral, on a mission for Thoth who was opposed by Ptah (lawful) and Anhur (chaotic). You were in the endgame, on the Astral Plane. You entered the dungeon 60320 turns ago. You had 109959897 experience points. Your score was 1476078 before end-of-game adjustments. Basics: You had all 488 hit points. You had 397 out of 489 energy points (spell power). Your armor class was -52. Your wallet contained 1174 zorkmids. Autopickup was on for '$"?+/=!*' plus thrown, with exceptions. Final Characteristics: Your strength was 18/100 (limit:18/100). Your dexterity was 23 (base:18, innate limit:18). Your constitution was 18 (limit:18). Your intelligence was 18 (limit:18). Your wisdom was 18 (limit:18). Your charisma was 19 (base:18, innate limit:18). Final Status: You were not hungry. You were unencumbered. You were wielding a dagger. You had expert skill with dagger. Final Attributes: You were the Envoy of Balance. You were piously aligned. You were magic-protected. You were fire resistant. You were cold resistant. You were sleep resistant. You were disintegration resistant. You were shock resistant. You were poison resistant. You saw invisible. You were telepathic. You were warned. You were clairvoyant. You were invisible to others. You could teleport. You had teleport control. You could walk on water. You had a huge damage bonus (+13). You had a large defense bonus (+13). You were guarded. You took half spell damage. You were very fast. You had reflection. Your life would have been saved. You were extremely lucky. You had extra luck. Good luck did not time out for you. You survived. Miscellaneous: You encountered 2 bones levels. Total elapsed playing time was 2 days, 1 hour and 50 minutes. Major events: Turn 1: Grasshopper the neutral female human Wizard entered the dungeon 417: entered the Gnomish Mines 898: attained the rank of Conjurer (level 3) 1224: destroyed Superfly's ghost, the former Conjurer 2391: attained the rank of Thaumaturge (level 6) 2665: reached Mine Town 3318: found Sting carried by a monster 3318: destroyed Superfly the human mummy, and former Thaumaturge 10648: acquired the Mines' End luckstone 11919: attained the rank of Magician (level 10) 12379: was bestowed with Magicbane by Thoth 13657: made her first wish - "blessed greased +5 silver dragon scale mail", got "a greased silver dragon scale mail" 16073: entered Sokoban 16545: completed 1st Sokoban level 17563: completed 2nd Sokoban level 17894: completed 3rd Sokoban level 18705: completed 4th Sokoban level 18830: acquired the Sokoban amulet of reflection 29021: killed Medusa 29216: performed her first genocide (class L) 31584: entered Gehennom 32291: wished for "blessed fixed ring of teleport control", got "a brass ring" 33088: made her first artifact wish - "blessed rustproof platinum yendorian express card", got "a credit card named the Platinum Yendorian Express Card" 33271: attained the rank of Enchantress (level 14) 34850: genocided master mind flayers 36320: killed the Dark One 36320: found the Eye of the Aethiopica carried by a monster 36326: acquired the Bell of Opening 37211: became Thoth's Envoy of Balance 37211: was bestowed with spellbook of finger of death 37770: attained the rank of Sorceress (level 18) 44402: genocided class m 45182: attained the rank of Necromancer (level 22) 45768: killed Juiblex 47199: found Cleaver on the floor 49172: killed Orcus 49218: killed Baalzebub 49296: killed Asmodeus 51490: attained the rank of Wizard (level 26) 52283: was bestowed with Vorpal Blade by Thoth 52732: destroyed Vlad the Impaler 52735: acquired the Candelabrum of Invocation 55865: read a Discworld novel 56332: attained the rank of Mage (level 30) 56993: wished for "uncursed magic marker", got "a magic marker" 57486: killed the Wizard of Yendor 57495: acquired the Book of the Dead 57510: performed the invocation 57519: killed the Wizard of Yendor (2nd time) 57781: killed the high priest of Moloch 57784: acquired The Amulet of Yendor 57796: killed the Wizard of Yendor (3rd time) 59699: wished for "uncursed magic marker", got "a magic marker" 59976: entered the Elemental Planes 59976: entered Plane of Earth 59976: killed the Wizard of Yendor (5th time) 60016: entered Plane of Air 60098: entered Plane of Fire 60121: entered Plane of Water 60123: genocided class ; 60197: entered the Astral Plane 60225: killed Death 60231: killed Death (2nd time) 60271: killed the invisible Death (3rd time) 60281: killed the invisible Pestilence 60320: ascended Vanquished creatures: Asmodeus Baalzebub Orcus Juiblex the Wizard of Yendor (5 times) Death (thrice) Pestilence Vlad the Impaler a high cleric 2 mastodons Medusa 16 krakens 4 iron golems a ki-rin 4 storm giants 4 glass golems 2 balrogs 11 purple worms a gray dragon a gold dragon 3 silver dragons 2 red dragons 5 white dragons 3 orange dragons 7 black dragons 8 blue dragons 3 green dragons 2 yellow dragons 26 minotaurs 8 jabberwocks the Dark One 12 baluchitheria 32 Angels 6 stone golems a master mind flayer 4 Olog-hai 3 Nazgul 6 pit fiends 3 sandestins a hell hound 8 displacer beasts 7 titanotheres 3 trappers a baby gold dragon a baby black dragon 4 baby yellow dragons 3 guardian nagas 7 genetic engineers 5 disenchanters 27 vampire leaders 4 skeletons 2 prisoners 41 aligned clerics 6 captains 5 shades 3 liches 3 clay golems 12 nurses 8 ice devils 5 nalfeshnees 7 lurkers above 4 Aleaxes 10 frost giants 3 ettins 3 golden nagas 17 black puddings 33 vampires 6 lieutenants 45 ghosts a barbarian a rogue a samurai a wizard a queen bee 6 winged gargoyles 4 mind flayers 3 giant mimics 9 long worms 12 zruties 6 fire giants 11 ogre tyrants 5 ice trolls 3 rock trolls 10 umber hulks 25 flesh golems 9 elven monarchs 7 doppelgangers 6 hezrous 12 bone devils 2 large mimics 3 wumpuses 2 fire vortices 7 couatls 17 stalkers 9 air elementals 5 fire elementals 6 earth elementals 6 water elementals 16 hill giants 8 giant mummies 10 black nagas 14 xorns 23 giant zombies 7 elf-nobles 13 sergeants a water demon 10 barbed devils 8 vrocks 3 salamanders 4 wargs 3 winter wolves 7 hell hound pups 14 small mimics 3 glass piercers 12 warhorses 7 steam vortices 16 xans 5 ettin mummies 17 ogre leaders 19 quantum mechanics 15 trolls 2 sasquatches 5 wood golems 3 erinyes 4 mariliths a djinni 7 sharks 8 electric eels 12 gelatinous cubes 9 pyrolisks 4 large dogs 5 freezing spheres 19 flaming spheres 8 shocking spheres a large cat 7 tigers 7 gargoyles 5 dwarf rulers 20 tengu 14 ochre jellies 8 leocrottas 7 energy vortices 6 mountain centaurs 6 elf mummies 9 human mummies 13 red nagas a green slime 11 pythons 11 pit vipers 8 cobras 44 wraiths 5 carnivorous apes 17 ettin zombies 4 leather golems 22 Grey-elves 96 soldiers 18 amorous demons 7 horned devils 5 chameleons 3 crocodiles 26 giant beetles 11 quivering blobs 18 cockatrices 17 wolves 9 winter wolf cubs 3 lynxes 3 panthers 11 gremlins 3 spotted jellies 18 leprechauns 4 orc-captains 6 iron piercers 5 mumakil 14 giant spiders 13 scorpions 5 horses an ice vortex 2 baby long worms 12 black lights 65 vampire bats 5 forest centaurs 11 gnome rulers 4 orc mummies 9 dwarf mummies 6 ogres 10 brown puddings 16 rust monsters 22 owlbears 6 yetis 5 gold golems 8 werewolves 12 Green-elves 6 piranha 23 giant eels 24 lizards 7 chickatrices 2 dingoes 4 dogs 3 housecats 12 jaguars 7 dwarf leaders 13 blue jellies 4 white unicorns 2 black unicorns 12 dust vortices 17 ravens 2 plains centaurs 5 gnome mummies 16 snakes 15 apes 22 human zombies 2 rope golems 25 Woodland-elves 41 soldier ants 9 fire ants 15 bugbears 4 imps 11 lemures 15 quasits 11 wood nymphs 10 water nymphs 12 mountain nymphs 33 Mordor orcs 10 Uruk-hai 6 orc shamans 17 rock piercers 5 rock moles 5 ponies 8 fog clouds 19 yellow lights 7 shriekers 12 violet fungi 13 gnome leaders 8 gnomish wizards 5 kobold mummies a red naga hatchling 2 black naga hatchlings 14 gray oozes 4 barrow wights 23 elf zombies 15 ghouls 4 straw golems 2 paper golems 6 jellyfish 22 giant ants 3 little dogs 18 floating eyes 4 kittens 22 dwarves 14 homunculi 9 kobold leaders 4 kobold shamans 37 hill orcs 22 rothes 3 rabid rats a centipede 29 giant bats 3 monkeys 7 orc zombies 17 dwarf zombies 5 wererats 2 werejackals 15 iguanas 28 killer bees 3 acid blobs 12 coyotes 3 gas spores 7 hobbits 33 manes 7 large kobolds 16 hobgoblins 6 giant rats 13 cave spiders 5 brown molds 8 yellow molds 4 green molds 5 red molds 56 gnomes 4 garter snakes 21 gnome zombies 16 geckos 32 jackals 5 foxes 7 kobolds 11 goblins 27 grid bugs 11 bats 26 lichens 13 kobold zombies 21 newts 2915 creatures vanquished. Genocided or extinct species: arch-liches krakens master liches demiliches master mind flayers liches giant mimics large mimics small mimics erinyes (extinct) sharks electric eels piranha giant eels jellyfish 14 species genocided. 1 species extinct. Voluntary challenges: You read items or engraved 250 times. You never engraved Elbereth. You genocided 14 types of monsters. You used 5 wishes (1 for an artifact). You violated the special Sokoban rules twice. Achievements: You entered the Gnomish Mines. You attained the rank of Conjurer. You attained the rank of Thaumaturge. You entered Minetown. You entered a temple. You entered a shop. You completed the Gnomish Mines. You attained the rank of Magician. You entered Sokoban. You completed Sokoban. You defeated Medusa. You entered Gehennom. You attained the rank of Enchantress. You handled the Bell of Opening. You attained the rank of Sorceress. You attained the rank of Necromancer. You attained the rank of Wizard. You had the Candelabrum of Invocation. You read from a Discworld novel. You attained the rank of Mage. You handled the Book of the Dead. You gained access to Moloch's Sanctum. You reached the Elemental Planes. You reached the Astral Plane. You delivered the Amulet of Yendor. You ascended! The Elemental Planes: Astral Plane: <- You are here. Some temples. Plane of Water: Plane of Fire: Plane of Air: Plane of Earth: The Dungeons of Doom: levels 1 to 26 Level 1: "OLD LAIR" An altar to Thoth. One way stairs up to The Elemental Planes. Level 2: "-s" Stairs down to The Gnomish Mines. Level 3: A weapon shop. Level 4: Level 5: "LAIR" An altar to Thoth. Level 6: A fountain. Level 7: Level 8: "Oraclejunkstash" Many fountains. Oracle of Delphi. Level 9: Some fountains. Stairs up to Sokoban, level 8. Level 10: "-s" Level 11: Some fountains. Level 12: Level 13: A fountain. Level 14: "junkstash" A potion shop, some fountains. Portal to The Quest. Level 15: A primitive area. Level 16: Level 17: "-s" Level 18: A temple to Thoth. Level 19: "lp -s" An altar to Thoth, a fountain. Level 20: Level 21: Some fountains. Level 22: "lp" A fountain. Level 23: Some fountains. Level 24: Level 25: "Medusa" Some fountains, many trees. Level 26: A fountain. The castle. Connection to Gehennom. Gehennom: levels 27 to 48 Level 27: A temple, many graves. Valley of the Dead. Level 28: "ice" Level 29: Level 30: "Asmo" Level 31: "Jubes" A fountain. Level 32: "Baalz" Level 33: "c" Level 34: Level 35: Level 36: Level 37: "c" Level 38: "Orcus" Some shops, an altar, some graves. Stairs up to Vlad's Tower, level 37. Level 39: "Rodney c" Level 40: "poly" Level 41: "wiz bottom" Level 42: Level 43: Level 44: Level 45: Level 46: "wiz portal c" Level 47: Level 48: A temple, many graves. Moloch's Sanctum. The Gnomish Mines: levels 3 to 11 Level 3: A grave. Final resting place for Superfly-Wiz-Hum-Mal-Cha, killed by a dwarf. Level 4: Level 5: Level 6: Many shops, a temple to Thoth, many fountains. Final resting place for Superfly-Wiz-Hum-Mal-Cha, killed by an elf mummy. Level 7: Level 8: Level 9: Level 10: Level 11: "ME" Some fountains. The Quest: levels 1 to 5 Level 1: "poly" Completed quest for Neferet the Green. Level 2: Level 3: Level 4: Level 5: A temple to Thoth. Sokoban: levels 8 up to 5 Level 5: Solved. Level 6: Solved. Level 7: Solved. Level 8: Solved. Vlad's Tower: levels 37 up to 35 Level 35: Level 36: Level 37: Goodbye Grasshopper the Demigoddess... You and the invisible Charlie and the purple worm and the purple worm and the purple worm and the purple worm and the purple worm and the purple worm went to your reward with 3460180 points, Magicbane (worth 3500 zorkmids and 8750 points) Sting (worth 800 zorkmids and 2000 points) Cleaver (worth 1500 zorkmids and 3750 points) Vorpal Blade (worth 4000 zorkmids and 10000 points) The Candelabrum of Invocation (worth 5000 zorkmids and 12500 points) The Eye of the Aethiopica (worth 4000 zorkmids and 10000 points) The Platinum Yendorian Express Card (worth 7000 zorkmids and 17500 points) 47 jet stones (worth 39950 zorkmids), 45 topaz stones (worth 40500 zorkmids), 34 jasper stones (worth 17000 zorkmids), 33 amber stones (worth 33000 zorkmids), 32 obsidian stones (worth 6400 zorkmids), 30 citrine stones (worth 45000 zorkmids), 28 garnet stones (worth 19600 zorkmids), 25 opals (worth 20000 zorkmids), 21 aquamarine stones (worth 31500 zorkmids), 21 fluorite stones (worth 8400 zorkmids), 20 amethyst stones (worth 12000 zorkmids), 17 agate stones (worth 3400 zorkmids), 15 jade stones (worth 4500 zorkmids), 10 chrysoberyl stones (worth 7000 zorkmids), 9 rubies (worth 31500 zorkmids), 8 jacinth stones (worth 26000 zorkmids), 8 black opals (worth 20000 zorkmids), 8 emeralds (worth 20000 zorkmids), 7 dilithium crystals (worth 31500 zorkmids), 4 diamonds (worth 16000 zorkmids), 3 sapphires (worth 9000 zorkmids), 1 amulet of life saving (worth 150 zorkmids), 1 amulet of unchanging (worth 150 zorkmids), 1 amulet of magical breathing (worth 150 zorkmids), 1 amulet of guarding (worth 150 zorkmids), 1 amulet of flying (worth 150 zorkmids), and 1174 pieces of gold, after 60320 moves. You were level 30 with a maximum of 488 hit points when you ascended.